 Dungeon Crawl Stone Soup version 0.30.1-4-g462c640d31 (webtiles) character file.

Game seed: 5331418892763874882

4168 spardeous the Fighter (level 10, 0/141 HPs)
             Began as a Minotaur Berserker on Aug 23, 2023.
             Was an Elder of Trog.
             Succumbed to a killer bee's poison
             ... on level 8 of the Dungeon.
             The game lasted 00:07:31 (6841 turns).

spardeous the Fighter (Minotaur Berserker)          Turns: 6841, Time: 00:07:32

Health: 0/141      AC: 12    Str: 25    XL:     10   Next: 7%
Magic:  9/9        EV: 13    Int:  4    God:    Trog [****..]
Gold:   528        SH:  0    Dex: 11    Spells: 9/9 levels left

rFire   + + .        B - +0 broad axe
rCold   . . .        (no shield)
rNeg    . . .        o - +2 scale mail {rF+}
rPois   .            (helmet restricted)
rElec   .            (no cloak)
rCorr   .            (no gloves)
SInv    .            n - +0 pair of boots
Will    +....        j - amulet of the acrobat Stlth
                     i - ring of protection from fire
HPRegen 0.43/turn    I - ring of willpower
MPRegen 0.11/turn

%: acrobat
@: berserking (expiring), lethally poisoned (0 -> -7), very quick
A: horns 2, retaliatory headbutt
a: Renounce Religion, Berserk, Trog's Hand, Brothers in Arms


You were on level 8 of the Dungeon.
You worshipped Trog.
Trog was greatly pleased with you.
You visited 1 branch of the dungeon, and saw 8 of its levels.

You collected 528 gold pieces.

Inventory:

Hand Weapons
 a - a +0 hand axe
 A - a +2 heavy war axe
 B - a +0 broad axe (weapon)
Armour
 n - a +0 pair of boots (worn)
 o - a +2 scale mail of fire resistance (worn)
Jewellery
 i - a ring of protection from fire (left hand)
 j - an amulet of the acrobat (around neck)
 D - an amulet of faith
 H - a ring of positive energy
 I - a ring of willpower (right hand)
 J - a ring of protection from cold
 K - a ring of ice
Wands
 m - a wand of paralysis (6)
 p - a wand of acid (6)
Scrolls
 d - a scroll of enchant armour {unknown}
 e - 4 scrolls of teleportation {unknown}
 f - a scroll of silence {unknown}
 g - 3 scrolls of vulnerability {unknown}
 h - 4 scrolls of amnesia {unknown}
 k - 2 scrolls of poison {unknown}
 r - 3 scrolls of fog {unknown}
 u - 5 scrolls of identify {unknown}
 v - a scroll of magic mapping {unknown}
 y - 2 scrolls of enchant weapon {unknown}
 E - 2 scrolls of torment {unknown}
 F - a scroll of blinking {unknown}
 G - 3 scrolls of fear {unknown}
 M - a scroll of immolation {unknown}
Potions
 b - a potion of degeneration
 c - 2 potions of lignification
 l - a potion of curing
 q - 2 potions of haste {unknown}
 s - a potion of flight {unknown}
 t - a potion of cancellation {unknown}
 w - a potion of invisibility {unknown}
 x - a potion of heal wounds {unknown}
 z - a potion of attraction {unknown}
 C - a potion of might
 L - a potion of mutation {unknown}


   Skills:
 + Level 10.6 Fighting
 - Level 5.1 Axes
 + Level 10.2 Armour
 + Level 9.3 Dodging


You had 9 spell levels left.
You didn't know any spells.
Your spell library was empty.

Dungeon Overview and Level Annotations

Branches:
Dungeon (8/15)             Temple (0/1) D:7
   Lair: D:8-11

Altars:
Dithmenos
Ru
Zin

Shops:
D:3 (

Annotations:
D:7 2 transporters, WaxSun's ghost, novice OgFE


Innate Abilities, Weirdness & Mutations

You have a pair of horns on your head.
You reflexively headbutt those who attack you in melee.


Message History

You closely miss the killer bee.
The killer bee is almost dead.
You slash the killer bee! You barely miss the killer bee.
You feel very sick.
The killer bee stings you but does no damage. x2
The killer bee closely misses you. The killer bee misses you.
The killer bee stings you!
* * * LOW HITPOINT WARNING * * *
The killer bee stings you but does no damage.
You take 11 damage, and have 19/141 hp.
You closely miss the killer bee. Your headbutt misses the killer bee.
The killer bee is almost dead.
You miss the killer bee. You hit the killer bee.
You kill the killer bee!
Trog accepts your kill.
You feel very sick. The killer bee stings you!
* * * LOW HITPOINT WARNING * * *
The killer bee barely misses you. The killer bee closely misses you.
You furiously retaliate!
You headbutt the killer bee! The killer bee stings you.
* * * LOW HITPOINT WARNING * * *
The killer bee closely misses you.
You take 16 damage, and have 3/141 hp.
You barely miss the queen bee. You closely miss the killer bee.
You completely miss the killer bee.
* * * LOW HITPOINT WARNING * * *
You feel very sick. The killer bee barely misses you. You furiously retaliate!
You headbutt the killer bee!
You kill the killer bee!
Trog accepts your kill. The killer bee barely misses you.
The queen bee calls on the killer bee to defend it!
The killer bee goes berserk!
The killer bee barely misses you.
You take 2 damage, and have 1/141 hp.
You closely miss the killer bee. Your headbutt misses the killer bee.
The killer bee is severely wounded.
You barely miss the queen bee.
You die... ##... ###########... ##### #........#....
PPPPP

#........#.... ......
#........#.... ......
#......<.#.... PPP.P.###
#........#.... ......y†#
#.............
.[....†@############....
..P...#.y## ##..# .....
##..#### ##.... ....
###....######..###


PPP #...#.........#### ## #...###.########.. ......###....# ##.#
###.#....####.###.... #.####...##.....### You could see a queen bee and a killer
bee (berserk).

Vanquished Creatures
  Prince Ribbit (D:7)
  Sigmund (D:5)
  A wyvern (D:8)
  Menkaure (D:7)
  Edmund (D:5)
  Duvessa (D:7)
  4 water moccasins
  2 orc warriors
  An ice beast (D:7)
  An ogre (D:4)
  2 phantoms
  A kobold brigand (D:8)
  4 scorpions
  3 bullfrogs (D:7)
  Dowan (D:7)
  4 wights (D:6)
  16 killer bees
  2 quasits (D:8)
  2 hounds
  7 orc priests
  2 jellies
  A gnoll bouda (D:8)
  5 iguanas
  2 sleepcaps
  3 orc wizards
  11 gnolls
  5 adders
  A shadow imp (D:8)
  5 white imps
  3 ufetubi (D:8)
  2 worms (D:2)
  3 dart slugs (D:2)
  22 orcs
  6 endoplasms
  2 giant cockroaches
  4 goblins
  7 hobgoblins
  5 jackals
  12 kobolds
  3 quokkas
  7 ball pythons
  3 bats
  3 frilled lizards (D:1)
  5 rats
178 creatures vanquished.

Notes
Turn   | Place    | Note
-------+----------+-------------------------------------------
     0 | D:1      | spardeous the Minotaur Berserker began the quest for the
                  | Orb.
     0 | D:1      | Reached XP level 1. HP: 19/19 MP: 0/0
   290 | D:1      | Reached XP level 2. HP: 26/26 MP: 1/1
   867 | D:2      | Reached skill level 5 in Axes
   966 | D:2      | Reached XP level 3. HP: 24/33 MP: 2/2
   990 | D:2      | Reached ** piety under Trog
  1296 | D:2      | Reached XP level 4. HP: 30/40 MP: 3/3
  1689 | D:3      | Found Zuimasy's Antique Weapon Emporium.
  1972 | D:3      | Found a glowing silver altar of Zin.
  1972 | D:3      | Found a sacrificial altar of Ru.
  2464 | D:4      | Noticed a scorpion
  2465 | D:4      | Noticed an ogre
  2471 | D:4      | Killed a scorpion
  2472 | D:4      | Reached XP level 5. HP: 47/47 MP: 4/4
  2476 | D:4      | Killed an ogre
  2477 | D:4      | Reached skill level 5 in Fighting
  2477 | D:4      | Reached XP level 6. HP: 20/56 MP: 5/5
  3479 | D:5      | Entered Level 5 of the Dungeon
  3533 | D:5      | Noticed Edmund
  3543 | D:5      | Killed Edmund
  3544 | D:5      | Reached skill level 5 in Armour
  3544 | D:5      | Reached XP level 7. HP: 48/63 MP: 6/6
  3753 | D:5      | Reached skill level 5 in Dodging
  3777 | D:5      | Noticed Sigmund
  3784 | D:5      | Killed Sigmund
  4076 | D:5      | Reached *** piety under Trog
  4280 | D:6      | Reached XP level 8. HP: 73/73 MP: 7/7
  4806 | D:7      | Noticed Menkaure
  4811 | D:7      | Killed Menkaure
  4975 | D:7      | HP: 5/112 [orc priest/+0 trident (4)]
  4997 | D:7      | Reached XP level 9. HP: 34/82 MP: 8/8
  5496 | D:7      | Found a shadowy altar of Dithmenos.
  5568 | D:7      | Noticed WaxSun's ghost (novice OgFE)
  5570 | D:7      | Found a transporter.
  5570 | D:7      | Noticed Prince Ribbit
  5582 | D:7      | Killed Prince Ribbit
  5644 | D:7      | Found a transporter.
  5790 | D:7      | Noticed Duvessa
  5790 | D:7      | Noticed Dowan
  5793 | D:7      | Killed Duvessa
  5807 | D:7      | Killed Dowan
  6007 | D:7      | Found a staircase to the Ecumenical Temple.
  6233 | D:8      | Reached skill level 10 in Fighting
  6234 | D:8      | Reached **** piety under Trog
  6829 | D:8      | Reached skill level 10 in Armour
  6830 | D:8      | Noticed a queen bee
  6833 | D:8      | Reached XP level 10. HP: 55/94 MP: 9/9
  6839 | D:8      | HP: 3/141 [killer bee (5)]
  6840 | D:8      | HP: 1/141 [poisoned by a killer bee]
  6841 | D:8      | Succumbed to a killer bee's poison

Illustrated notes

Levels and vault maps discovered:
D:1:      shiori_arrival_maze, layout_basic
D:2:      layout_basic, minmay_diced_spiral
D:3:      layout_basic, gammafunk_temple_overflow_pools, serial_shops,
          shop_coins
D:4:      layout_basic, minmay_misc_feat_ornament, minmay_cut_off
D:5:      layout_basic, serial_glass, glass_columns_a, glass_columns_a,
          feat_on_display, feat_on_display, minmay_strange_pillars,
          minmay_strange_pillars, kennysheep_generic_room_14, uniq_sigmund,
          uniq_edmund
D:6:      layout_rooms, kennysheep_path_1
D:7:      minmay_evil_eye, layout_loops_ring, amcnicky_altar_gilded,
          temple_hall, nzn_ghost_randoct, chequers_serial_rivers_small_a,
          grunt_ministairs_5, uniq_menkaure, uniq_prince_ribbit1, uniq_duvessa
D:8:      layout_rooms, lemuel_zombie_altar_yredelemnul, serial_demonic,
          serial_demonic_c, serial_demonic_e, serial_demonic_e,
          serial_demonic_d, serial_demonic_c, nicolae_looking_at_the_future

Skill      XL: |  1  2  3  4  5  6  7  8  9 |
---------------+----------------------------+-----
Axes           | 4 5 |  5.1
Fighting       | 4 5 6 7 8 10 | 10.6
Armour         | 3 4 5 6 8 10 | 10.2
Dodging        | 3 4 5 7 9 |  9.3

Action                     |  1- 3 |  4- 6 |  7- 9 | 10-12 || total
---------------------------+-------+-------+-------+-------++-------
  Melee: Hand axe          |   102 |    88 |       |       ||   190
         Headbutt          |    13 |    13 |    42 |       ||    68
         Broad axe         |       |    15 |   237 |     8 ||   260
         Punch             |       |       |     4 |       ||     4
 Invoke: Berserk           |       |     1 |     6 |       ||     7
         Trog's Hand       |       |       |     1 |       ||     1
  Evoke: Wand              |       |       |     1 |       ||     1
    Use: Potion            |       |       |     7 |       ||     7
 Armour: Animal skin       |     5 |       |       |       ||     5
         Scale mail        |    25 |    33 |   117 |     8 ||   183
         Skin              |       |       |    11 |       ||    11
  Dodge: Dodged            |    55 |    64 |   249 |    32 ||   400
